 Dungeon Crawl Stone Soup version 0.19.1-28-ge1247f7 (webtiles) character file.

70 Alarkh the Chopper (level 4, -1/35 HPs)
             Began as a Demonspawn Monk on Jan 21, 2017.
             Slain by Natasha (5 damage)
             ... on level 2 of the Dungeon.
             The game lasted 00:01:57 (1936 turns).

Alarkh the Chopper (Demonspawn Monk)                Turns: 1936, Time: 00:01:57

Health: -1/35      AC: 14    Str: 10 (11) XL:     4   Next: 3%
Magic:  4/4        EV: 11    Int: 10 (12) God:
Gold:   76         SH:  0    Dex: 13 (16) Spells: 0 memorised, 3 levels left

rFire  . . .     SeeInvis .     a - +0 hand axe
rCold  . . .     Gourm    .     g - +0 ring mail (curse)
rNeg   . . .     Faith    .     (no shield)
rPois  .         Spirit   .     (no helmet)
rElec  .         Reflect  .     (no cloak)
rCorr  .         Harm     .     (no gloves)
MR     .....                    (no boots)
Stlth  +.........               (no amulet)
                                (no ring)
                                (no ring)

@: sanguine armour, slowed, very slow
A: sanguine armour 2
a: no special abilities


You were on level 2 of the Dungeon.
You were not hungry.

You visited 1 branch of the dungeon, and saw 2 of its levels.

You collected 76 gold pieces.

Inventory:

Hand Weapons
 a - a +0 hand axe (weapon)
Armour
 b - a +0 robe
 g - a cursed +0 ring mail (worn)
 j - a cursed +0 leather armour
Scrolls
 h - a scroll of enchant weapon {unknown}
 i - a scroll of fog {unknown}
Potions
 e - 2 potions of degeneration
Comestibles
 c - a bread ration
 f - a slice of pizza
 k - a beef jerky


   Skills:
 - Level 3.0 Fighting
 + Level 4.4 Axes
 - Level 2.6 Dodging
 - Level 1.7 Stealth


You had 3 spell levels left.
You didn't know any spells.

Dungeon Overview and Level Annotations

Branches:
Dungeon (2/15)

Altars:

Annotations:
D:2 Natasha


Innate Abilities, Weirdness & Mutations

When seriously injured, your bleeding wounds create thick armour. (AC +9)


Message History

The crimson imp blinks!
Natasha closely misses you.
Unknown command.
You miss Natasha.
Natasha is almost dead.
You closely miss the crimson imp. Natasha claws you.
* * * LOW HITPOINT WARNING * * *
The crimson imp closely misses you. Natasha claws you.
* * * LOW HITPOINT WARNING * * *
Unknown command.
You closely miss Natasha.
Natasha is almost dead.
You hit the crimson imp.
The crimson imp hits you but does no damage.
Natasha closely misses you.
The crimson imp hits you but does no damage.
You hit Natasha but do no damage.
Natasha is almost dead.
You hit the crimson imp but do no damage.
Natasha claws you.
You die...

#..........######.####
#..........# ####.#
##.....#######....#
#..........##.####
#......###.##.#
#......###.##.#
#..........##.# #
###5.####..##.# .
#...@......##.# #
#.##h###....#.# # #.
#...#.#.##.####### .
###.#.#........... .#
#.######........ #.
#†# #........ ###.#
#........
##.#(..######........
#....................


You could see Natasha and a crimson imp.

Vanquished Creatures
  3 adders (D:2)
  2 worms (D:2)
  A dart slug (D:1)
  A leopard gecko (D:2)
  3 goblins
  10 hobgoblins
  2 jackals (D:1)
  4 kobolds
  A frilled lizard (D:1)
  7 rats
34 creatures vanquished.

Notes
Turn   | Place    | Note
-------+----------+-------------------------------------------
     0 | D:1      | Alarkh the Demonspawn Monk began the quest for the Orb.
     0 | D:1      | Reached XP level 1. HP: 18/18 MP: 1/1
    49 | D:1      | Reached skill level 3 in Axes
   316 | D:1      | Gained mutation: When seriously injured, your bleeding wounds create armour. (AC +9) [demonic ancestry]
   316 | D:1      | Reached XP level 2. HP: 14/24 MP: 2/2
  1070 | D:2      | Reached XP level 3. HP: 20/29 MP: 3/3
  1104 | D:2      | Found a faded altar of an unknown god.
  1141 | D:2      | Reached skill level 4 in Axes
  1152 | D:2      | HP: 1/29 [worm (7)]
  1729 | D:2      | Noticed Natasha
  1749 | D:2      | Gained mutation: When seriously injured, your bleeding wounds create thick armour. (AC +9) [demonic ancestry]
  1749 | D:2      | Reached XP level 4. HP: 22/35 MP: 4/4
  1936 | D:2      | Slain by Natasha

Skill      XL: |  1  2  3 |
---------------+----------+-----
Axes           | 3 4 |  4.4
Fighting       | |  3.0
Dodging        | |  2.6
Stealth        | |  1.7

Action                   |  1- 3 |  4- 6 || total
-------------------------+-------+-------++-------
Melee: Hand axe          |   146 |    21 ||   167
  Use: Potion            |     2 |     1 ||     3
 Stab: Sleeping          |     3 |       ||     3
  Eat: Chunk             |     3 |       ||     3
Armor: Robe              |     3 |       ||     3
       Ring mail         |    40 |    16 ||    56
Dodge: Dodged            |    92 |    16 ||   108
